 Dungeon Crawl Stone Soup version 0.14-a0-1761-gdbd231b (webtiles) character file.

107601 PolkaDot the Maledictor (level 15, -10/98 HPs)
             Began as a Vampire Enchanter on Jan 4, 2014.
             Was the Champion of Ashenzari.
             Killed from afar by a deep elf knight (11 damage)
             ... with a magic dart
             ... on Level 3 of the Elven Halls.
             The game lasted 03:15:01 (33099 turns).

PolkaDot the Maledictor (Vampire Enchanter)        Turns: 33099, Time: 03:15:01

HP -10/98        AC  9     Str  7      XL: 15   Next: 94%
MP  14/25        EV 29     Int 17      God: Ashenzari [******]
Gold 2146        SH 11     Dex 24      Spells:  7 memorised,  1 level left

rFire  + . .     SeeInvis +     m - +5,+8 quick blade (freeze) (curse)
rCold  + + .     Clarity  +     C - +2 robe {MR+} (curse)
rNeg   + + +     Conserve .     y - +1 elf buckler
rPois  +         rCorr    .     (no helmet)
rElec  .         rRot     +     c - +0 elf cloak (curse)
SustAb . .       Spirit   .     l - +1 pair of gloves (curse)
rMut   .         Warding  +     b - +1 pair of dwarf boots {+Jump} (curse)
Saprov . . .     Stasis   .     Z - cursed amulet of warding
                                B - cursed ring of protection from fire
                                h - cursed ring of wizardry

@: non-regenerating, invisible, agile, very slightly contaminated, very
resistant to hostile enchantments, uncannily stealthy
A: bottle blood, fangs 3, see invisible, unbreathing
a: Bat Form, Bottle Blood, Scrying, Transfer Knowledge, Renounce Religion, Evoke
Jump Attack


You were on level 3 of the Elven Halls.
You worshipped Ashenzari.
Ashenzari was exalted by your worship.
You were bloodless.

You visited 5 branches of the dungeon, and saw 32 of its levels.
You also visited: Sewer and Ice Cave.

You collected 2146 gold pieces.

Inventory:

Hand weapons
 m - a cursed +5,+8 quick blade of freezing (weapon)
Missiles
 f - a throwing net [torn] (quivered)
 q - 2 throwing nets
 x - a throwing net [torn]
Armour
 b - a cursed +1 pair of dwarven boots of jumping (worn)
 c - a cursed +0 elven cloak (worn)
 k - a +1 cloak of cold resistance
 l - a cursed +1 pair of gloves (worn)
 y - a +1 elven buckler (worn)
 C - a cursed +2 robe of magic resistance (worn)
Magical devices
 i - a wand of disintegration (4)
 j - a wand of paralysis (14)
 z - a wand of disintegration (10)
Scrolls
 d - a scroll of enchant weapon I
 e - 2 scrolls of fear
 n - a scroll of identify
 w - 3 scrolls of teleportation
Jewellery
 h - a cursed ring of wizardry (left hand)
 B - a cursed ring of protection from fire (right hand)
 Z - a cursed amulet of warding (around neck)
Potions
 g - a potion of brilliance
 p - a potion of mutation {!q!q}
 r - 4 potions of might
 t - a potion of resistance
 u - 5 potions of speed
 v - 5 potions of curing
 W - 2 potions of agility
Books
 a - a book of the Earth

   Spells                             Type                      Level
   Dig                                Earth                        4
   Leda's Liquefaction                Hexes/Earth                  4
   Bolt of Magma                      Conjuration/Fire/Earth       5
   Statue Form                        Transmutation/Earth          6
   Iron Shot                          Conjuration/Earth            6
   Shatter                            Earth                        9
 D - a book of Necromancy

   Spells                             Type                      Level
   Pain                               Necromancy                   1
   Animate Skeleton                   Necromancy                   1
   Lethal Infusion                    Charms/Necromancy            2
   Vampiric Draining                  Necromancy                   3
   *Regeneration                      Charms/Necromancy            3
   Animate Dead                       Necromancy                   4
   Control Undead                     Necromancy                   4
 Y - a book of Cantrips

   Spells                             Type                      Level
   Confusing Touch                    Hexes                        1
   Animate Skeleton                   Necromancy                   1
   Summon Small Mammal                Summoning                    1
   Apportation                        Translocation                1


   Skills:
 - Level 3.0 Fighting
 - Level 12.5(16.6) Short Blades
 - Level 0.7 Throwing
 * Level 8.9(11.8) Dodging
 + Level 20.6(22.8) Stealth
 - Level 4.4 Spellcasting
 - Level 24.4(27) Hexes
 + Level 6.2(10.7) Charms


You had one spell level left.
You knew the following spells:

 Your Spells              Type           Power        Failure   Level  Hunger
a - Corona                Hex            #######      0%          1    None
b - Sure Blade            Hex/Chrm       ######....   0%          2    #......
c - Confuse               Hex            #######.     0%          3    ###....
d - Ensorcelled Hibernat  Hex/Ice        ######       1%          2    #......
e - Enslavement           Hex            #######.     0%          4    ####...
i - Invisibility          Hex            #######.     1%          6    #######
r - Regeneration          Chrm/Necr      ###.......   3%          3    ###....


Dungeon Overview and Level Annotations

Branches:
Dungeon (16/16) Temple (1/1) D:4 Orc (4/4) D:9 Elf (3/3) Orc:3 Lair (8/8) D:11 Shoals (0/5) Lair:4 Spider (0/5) Lair:5 Slime (0/6) Lair:7 Vaults (0/5) D:13 D:14 Depths: D:16

Altars:
Ashenzari
Cheibriados
Elyvilon
Fedhas
Kikubaaqudgha
Makhleb
Nemelex Xobeh
Okawaru
Sif Muna
Trog
Vehumet
Xom
Yredelemnul
Zin
the Shining One
Beogh
Jiyva

Shops:
Orc:3 *   Orc:4 **?=   Elf:1 (

Annotations:
D:14 Norris; Rupert
D:15 Roxanne
D:16 Restia's ghost, powerful DsBe


Innate Abilities, Weirdness & Mutations

You do not heal naturally.
You can bottle blood from corpses.
You have razor-sharp teeth.*
You have supernaturally acute eyesight.
You can survive without breathing.*


Message History

As you read the scroll of blinking, it crumbles to dust.
A powerful magic interferes with your control of the blink.
You blink.
The deep elf knight casts a spell at you.
The magic dart hits you!
Drink which item? (? for menu, Esc to quit)
Okay, then.
Read which item? (? for menu, Esc to quit)
As you read the scroll of fog, it crumbles to dust.
The scroll dissolves into smoke.
Drink which item? (? for menu, Esc to quit)
Okay, then.
Casting: Ensorcelled Hibernation
Confirm with . or Enter, or press ? or * to list all spells.
Aiming: Invisibility
Press: ? - help, Shift-Dir - straight line, f - you You fade into invisibility!
The deep elf knight points at you and mumbles some strange words.
The magic dart hits you!
You die...

* ,, ,, ,{,. ,{,**### , ,
*, * .... ,,..# ,,, ,,,
,,{ *#e..#####.# ,, , , ,
.# ##.?.......# , , ,,
,** ..##.. #?....# ,,, ,,
*** ....####.....# , ,
,,, *, ##§....####..# ,
*, , #§§§...##((..# , ,,
,,,..###§@§e..#.....# ,
,,,,.......§§§§§.(....)#
*,,,,,
,.######§###e......# ,,,,
, ..........<§........# ,
* #..######.......##[.# ,
,,, ....................#
,
,,,.<...................#
,*
,.....................# ,
** ..#.####.......#....##


You could see a deep elf knight and a deep elf summoner (sleeping).

Vanquished Creatures
  Donald (D:14)
  An orc warlord (Orc:4)
  A stone giant (Orc:4)
  Azrael (Elf:2)
  8 hydras
  Harold (Orc:2)
  Nessos (Orc:3)
  21 death yaks
  A deep troll shaman (Lair:8)
  3 centaur warriors
  3 orc high priests (Orc:4)
  Urug (Orc:3)
  The ghost of wojtek the Basher, an experienced TeGl of Makhleb (D:10)
  2 catoblepae
  5 deep elf knights
  A skeletal warrior (D:16)
  An unseen horror (D:14)
  2 hill giants
  2 wizards
  An unseen horror (shapeshifter) (Elf:2)
  5 large abominations (D:12)
  7 deep elf conjurers
  A necromancer (IceCv)
  A lindwurm (Lair:8)
  A griffon (Lair:8)
  5 cyclopes
  5 orc sorcerers
  5 orc knights (Orc:4)
  4 black mambas
  7 deep elf summoners
  9 elephants
  Psyche (D:11)
  3 feature mimics
  10 spiny frogs
  2 item mimics
  3 fire drakes
  A yaktaur (D:14)
  5 komodo dragons
  4 trolls
  6 deep elf priests
  A hydra zombie (D:14)
  Sonja (Orc:4)
  A baby alligator (Lair:5)
  Prince Ribbit (D:6)
  A two-headed ogre (D:9)
  8 blink frogs
  16 slime creatures (D:15)
  A grizzly bear (shapeshifter) (Elf:3)
  A griffon skeleton (D:15)
  9 ugly things
  5 basilisks
  28 yaks
  3 shadows
  A wyvern (D:9)
  A merfolk (D:7)
  19 deep elf fighters
  9 humans
  2 hungry ghosts
  5 fire elementals (Elf:2)
  2 grizzly bears (Lair:8)
  12 deep elf magi
  11 vampire mosquitoes
  A wraith (D:10)
  16 wolves
  2 soldier ants (D:11)
  5 hippogriffs
  A manticore (D:10)
  2 hell hounds (Elf:2)
  9 porcupines
  14 freezing wraiths (IceCv)
  18 orc warriors
  12 ice beasts
  2 yellow wasps (D:11)
  2 sky beasts
  2 phantoms
  10 small abominations
  2 giant goldfish
  7 ogres
  2 spriggan simulacra (IceCv)
  14 centaurs
  13 crocodiles
  Sigmund (D:4)
  9 big kobolds
  12 giant frogs
  A warg (Orc:4)
  A boring beetle (shapeshifter) (D:16)
  4 giant slugs
  8 water moccasins
  Blork the orc (D:7)
  A manticore zombie (D:14)
  A cyclops zombie (D:16)
  7 agate snails
  A hippogriff zombie (D:10)
  8 killer bees
  A swamp dragon simulacrum (IceCv)
  4 electric eels
  A hippogriff skeleton (D:6)
  2 goliath beetles
  16 crimson imps
  2 quasits
  12 orc priests
  2 draconian simulacra (IceCv)
  7 jellies
  2 giant frog skeletons
  6 iguanas
  12 hounds
  19 orc wizards
  8 spiders (Lair:5)
  3 scorpions
  A two-headed ogre skeleton (D:12)
  3 big fish (D:7)
  A polar bear simulacrum (IceCv)
  2 troll simulacra (IceCv)
  2 wolf simulacra (IceCv)
  10 worker ants
  An orange rat (Elf:2)
  21 sheep
  2 centaur simulacra (IceCv)
  4 gnolls (D:4)
  47 green rats
  3 ogre simulacra (IceCv)
  11 white imps (IceCv)
  22 adders
  3 giant centipedes
  5 giant mites
  A goliath beetle zombie (D:12)
  7 worms
  An iguana skeleton (D:6)
  2 orc zombies (Orc:4)
  A giant eyeball (D:7)
  An ooze (D:1)
  107 orcs
  4 ball pythons
  20 bats
  9 giant cockroaches
  17 goblins
  2 grey rats (D:3)
  23 hobgoblins
  17 jackals
  32 kobolds
  16 quokkas
  6 giant geckos
  A giant gecko zombie (D:7)
  18 giant newts
  2 giant spores
  A goblin skeleton (D:5)
  A kobold zombie (D:8)
  An orc skeleton (D:10)
  16 rats
  A rat skeleton (D:5)
  A rat zombie (D:5)
  4 ballistomycetes
1017 creatures vanquished.

Vanquished Creatures (collateral kills)
  A deep elf death mage (Elf:2)
  An ice devil (Orc:4)
  An orc sorcerer (Orc:4)
  2 deep elf magi (Elf:2)
  A deep elf fighter (Elf:2)
  2 orc warriors (Orc:4)
  An orc priest (Orc:4)
  4 orc wizards (Orc:4)
  An orc (Orc:4)
  5 crawling corpses (Elf:2)
19 creatures vanquished.

Vanquished Creatures (others)
  Snorg (D:15)
  A soul eater (Orc:4)
  A lost soul (Elf:2)
  An orange rat (Elf:2)
  3 orcs
  2 kobolds (D:10)
  A giant spore (D:6)
10 creatures vanquished.

Grand Total: 1046 creatures vanquished

Notes
Turn   | Place    | Note
--------------------------------------------------------------
     0 | D:1      | PolkaDot, the Vampire Enchanter, began the quest for the Orb.
     0 | D:1      | Reached XP level 1. HP: 13/13 MP: 3/3
   227 | D:1      | Reached XP level 2. HP: 20/20 MP: 1/4
   297 | D:1      | Reached skill level 1 in Fighting
   843 | D:1      | Reached XP level 3. HP: 22/26 MP: 6/6
  1006 | D:2      | Learned a level 2 spell: Ensorcelled Hibernation
  1214 | D:1      | Reached skill level 5 in Hexes
  1814 | D:2      | Reached XP level 4. HP: 32/32 MP: 4/7
  2577 | D:3      | Reached skill level 5 in Stealth
  2601 | D:3      | Reached skill level 6 in Hexes
  2658 | D:3      | Found a glowing drain.
  2722 | Sewer    | Entered a sewer
  2758 | Sewer    | Reached XP level 5. HP: 24/37 MP: 0/9
  3059 | Sewer    | Noticed a giant frog
  3064 | Sewer    | Noticed a giant frog
  3066 | Sewer    | Killed a giant frog
  3066 | Sewer    | Reached skill level 7 in Hexes
  3070 | Sewer    | Killed a giant frog
  3070 | Sewer    | Reached skill level 8 in Hexes
  3070 | Sewer    | Reached XP level 6. HP: 13/43 MP: 3/10
  3297 | D:3      | Learned a level 6 spell: Invisibility
  3705 | D:4      | Noticed Sigmund
  3815 | D:4      | Killed Sigmund
  4016 | D:4      | Reached skill level 9 in Hexes
  4016 | D:4      | Reached XP level 7. HP: 48/48 MP: 12/12
  4381 | D:4      | Found a staircase to the Ecumenical Temple.
  4394 | Temple   | Entered the Ecumenical Temple
  4472 | Temple   | Became a worshipper of Ashenzari the Shackled
  5097 | D:5      | Entered Level 5 of the Dungeon
  5165 | D:5      | Reached skill level 10 in Hexes
  5666 | D:5      | Reached skill level 11 in Hexes
  5666 | D:5      | Reached XP level 8. HP: 38/54 MP: 5/13
  6973 | D:6      | Found a basalt altar of Yredelemnul.
  6973 | D:6      | Found a white marble altar of Elyvilon.
  6977 | D:6      | Found a burning altar of Makhleb.
  7096 | D:6      | Noticed Prince Ribbit
  7105 | D:6      | Killed Prince Ribbit
  7105 | D:6      | Reached skill level 12 in Hexes
  7280 | D:6      | Reached skill level 10 in Stealth
  7935 | D:7      | Found a blossoming altar of Fedhas.
  7961 | D:7      | Reached XP level 9. HP: 28/59 MP: 9/14
  7998 | D:7      | Reached skill level 13 in Hexes
  8091 | D:7      | Noticed Blork the orc
  8099 | D:7      | Killed Blork the orc
  8268 | D:7      | Reached skill level 5 in Short Blades
  8545 | D:8      | Learned a level 3 spell: Confuse
  8597 | D:8      | Acquired Ashenzari's first power
  8694 | D:8      | Reached skill level 14 in Hexes
  9059 | D:8      | Reached XP level 10. HP: 65/65 MP: 11/16
  9297 | D:9      | Found a staircase to the Orcish Mines.
  9315 | D:9      | Reached skill level 15 in Hexes
 10068 | D:10     | Entered Level 10 of the Dungeon
 10124 | D:10     | Noticed wojtek's ghost (experienced TeGl)
 10151 | D:10     | Killed wojtek's ghost
 10151 | D:10     | Reached skill level 16 in Hexes
 10318 | D:10     | Noticed a hill giant
 10321 | D:10     | Killed a hill giant
 10471 | D:10     | Acquired Ashenzari's second power
 10938 | D:11     | Reached XP level 11. HP: 70/70 MP: 15/18
 10972 | D:11     | Reached skill level 17 in Hexes
 11038 | D:11     | Noticed a seven-headed hydra
 11134 | D:11     | Killed a seven-headed hydra
 11140 | D:11     | Learned a level 4 spell: Enslavement
 11145 | D:11     | Noticed a cyclops
 11152 | D:11     | Killed a cyclops
 11185 | D:11     | Noticed a hill giant
 11198 | D:11     | Killed a hill giant
 11207 | D:11     | Identified the Guide on Creative Ice
 11250 | D:11     | Found a staircase to the Lair.
 11560 | D:11     | Noticed Psyche
 11568 | D:11     | Killed Psyche
 11584 | D:11     | Noticed a cyclops
 11593 | D:11     | Reached skill level 18 in Hexes
 11620 | D:11     | Killed a cyclops
 11963 | Lair:1   | Entered Level 1 of the Lair of Beasts
 11967 | Lair:1   | Learned a level 2 spell: Sure Blade
 12301 | Lair:1   | Acquired Ashenzari's third power
 13660 | Lair:3   | Reached skill level 15 in Stealth
 13909 | Lair:3   | Reached XP level 12. HP: 66/76 MP: 20/23
 14225 | Lair:3   | Reached skill level 19 in Hexes
 14425 | Lair:3   | Acquired Ashenzari's fourth power
 15129 | Lair:4   | Found a staircase to the Shoals.
 15934 | Lair:5   | Found a hole to the Spider Nest.
 16209 | Lair:5   | Reached skill level 20 in Hexes
 16222 | Lair:5   | Found a staircase to the Swamp.
 16223 | Lair:5   | Noticed a seven-headed hydra
 16224 | Lair:5   | the staircase to the Swamp was a mimic.
 16370 | Lair:5   | Killed a seven-headed hydra
 17228 | Lair:6   | Reached skill level 10 in Short Blades
 17251 | Lair:6   | Reached XP level 13. HP: 62/81 MP: 12/24
 17816 | Lair:7   | Found a viscous altar of Jiyva.
 17817 | Lair:7   | Found a staircase to the Slime Pits.
 17932 | Lair:7   | Reached skill level 21 in Hexes
 19762 | Lair:8   | Entered Level 8 of the Lair of Beasts
 19947 | Lair:8   | Reached skill level 22 in Hexes
 20477 | Lair:8   | Reached XP level 14. HP: 88/88 MP: 25/25
 20679 | Lair:8   | Reached skill level 23 in Hexes
 21174 | Lair:1   | Learned a level 3 spell: Regeneration
 21178 | Lair:1   | Identified the cursed +1 robe of Boredom {+Blink Dex-2} (You found it on level 10 of the Dungeon)
 21233 | D:12     | Identified a scroll of acquirement
 21684 | D:12     | Noticed a wizard
 21689 | D:12     | Killed a wizard
 21715 | D:12     | Noticed a large abomination
 21715 | D:12     | Noticed a large abomination
 21715 | D:12     | Noticed a large abomination
 21715 | D:12     | Noticed a large abomination
 21715 | D:12     | Noticed a large abomination
 21717 | D:12     | Killed a large abomination
 21718 | D:12     | Killed a large abomination
 21721 | D:12     | Killed a large abomination
 21725 | D:12     | Killed a large abomination
 21729 | D:12     | Killed a large abomination
 22712 | D:14     | Found a gate to the Vaults.
 22712 | D:14     | Noticed Rupert
 22712 | D:14     | Noticed Norris
 22712 | D:14     | Noticed Donald
 23286 | D:15     | Entered Level 15 of the Dungeon
 23481 | D:15     | Noticed Snorg
 23490 | D:15     | Killed Snorg
 23516 | D:15     | Noticed Roxanne
 23808 | D:15     | Reached skill level 24 in Hexes
 24593 | D:16     | Entered Level 16 of the Dungeon
 24614 | D:16     | Reached XP level 15. HP: 98/98 MP: 22/25
 24635 | D:16     | Noticed Restia's ghost (powerful DsBe)
 24876 | D:14     | Killed Donald
 24892 | D:14     | Identified the cursed -1,+3 long sword "Psoyfiry" {flame, -Tele rF+ Str-2 Dex+2} (You found it on level 8 of the Lair of Beasts)
 25171 | Orc:1    | Entered Level 1 of the Orcish Mines
 25207 | Orc:1    | Found a frozen archway.
 25224 | IceCv    | Entered an ice cave
 25644 | IceCv    | Reached skill level 1 in Charms
 26074 | IceCv    | Found an ancient bone altar of Kikubaaqudgha.
 27270 | Orc:1    | Found Hoaseili's Antique Armour Emporium.
 27270 | Orc:1    | Hoaseili's Antique Armour Emporium was a mimic.
 27429 | Orc:2    | Noticed Harold
 27525 | Orc:2    | Killed Harold
 27625 | Orc:3    | Noticed Urug
 27634 | Orc:3    | Killed Urug
 27675 | Orc:3    | Found a staircase to the Elven Halls.
 27688 | Orc:3    | Found Pruac's Assorted Antiques.
 27923 | Orc:3    | Noticed Nessos
 27933 | Orc:3    | Killed Nessos
 28257 | Orc:4    | Entered Level 4 of the Orcish Mines
 28257 | Orc:4    | Noticed Sonja
 28265 | Orc:4    | Killed Sonja
 28309 | Orc:4    | Reached skill level 5 in Dodging
 28776 | Orc:4    | Found a roughly hewn altar of Beogh.
 30027 | Orc:4    | Found Poci's Magic Scroll Boutique.
 30036 | Orc:4    | Found Troumeggo's Assorted Antiques.
 30047 | Orc:4    | Found Dioceh's General Store.
 30055 | Orc:4    | Found Leing's Jewellery Boutique.
 30572 | Elf:1    | Entered Level 1 of the Elven Halls
 30882 | Elf:1    | Found Psuuziug's Antique Weapon Emporium.
 30953 | Elf:1    | Found a radiant altar of Vehumet.
 31689 | Elf:2    | Noticed Azrael
 31699 | Elf:2    | Killed Azrael
 31711 | Elf:2    | Reached skill level 5 in Charms
 32975 | Elf:3    | Entered Level 3 of the Elven Halls
 33096 | Elf:3    | HP: 1/98 [deep elf knight/uncursed elven scimitar (19)]
 33099 | Elf:3    | Killed from afar by a deep elf knight

Action                   |  1- 3 |  4- 6 |  7- 9 | 10-12 | 13-15 || total
-------------------------+-------+-------+-------+-------+-------++-------
Melee: Dagger            |   180 |   170 |   272 |   627 |   155 ||  1404
       Quick blade       |       |       |       |       |   623 ||   623
Throw: Dart              |     9 |       |       |       |       ||     9
 Cast: Corona            |    20 |     3 |     8 |     8 |     6 ||    45
       Ensorcelled Hiber |    11 |    29 |    69 |   124 |   167 ||   400
       Invisibility      |       |     1 |    14 |    22 |    53 ||    90
       Confuse           |       |       |     3 |     6 |    47 ||    56
       Sure Blade        |       |       |       |     9 |    27 ||    36
       Enslavement       |       |       |       |       |    18 ||    18
 Abil: Evoke Jump Attack |       |       |       |       |     2 ||     2
       End Transformatio |       |       |       |       |     1 ||     1
       Bat Form          |       |       |       |       |     1 ||     1
Evoke: Wand              |       |       |     2 |     3 |     8 ||    13
  Use: Potion            |     1 |     5 |       |       |     8 ||    14
       Scroll            |       |    12 |    10 |    14 |    22 ||    58
 Stab: Sleeping          |     9 |    20 |    84 |   231 |   306 ||   650
       Invisible         |       |     2 |    10 |    54 |   113 ||   179
       Confused          |       |       |     2 |     5 |    17 ||    24
       Distracted        |       |       |     1 |     5 |    12 ||    18
       Paralysed         |       |       |       |     1 |       ||     1
       Betrayed ally     |       |       |       |       |     1 ||     1
